AoeStats
← AARTUROVEGAG

Nomad

506258542Analyzed
2v2 RM · 20d ago on Sep 12, 2026· 34m 26s· 4 players
Game mode
Random Map
Map size
176×176
Population
200
Speed
Normal
Resources
Standard
Victory
Conquest
Starting age
Dark Age
Ending age
Imperial Age
RankedLock teamsTeams togetherTeam positionsShared explorationLock speedFull tech treeHidden civsTurbo modeCheats
Victory
Defeat
🇨🇱 Bohemians · Chile
938
+15
🇩🇰 Cumans · Denmark
921
+15
🇦🇷 Maya · Argentina
915
-15
🇺🇸 Mongols · United States
912
-15
AARTUROVEGAG
4:38 Loom
13:46 Feudal Age
14:21 Double-Bit Axe
17:08 Gold Mining
17:55 Wheelbarrow
17:36 Fletching
18:24 Padded Archer Armor
20:03 Horse Collar
27:20 Castle Age
26:40 Town Watch
28:20 Bow Saw
28:05 Stone Mining
27:58 Elite Skirmisher
30:41 Hand Cart
29:53 Pikeman
30:33 Squires
31:02 Bodkin Arrow
31:17 Forging
33:15 Stone Shaft Mining
33:18 Gold Shaft Mining
33:34 Town Patrol
DrCondors
12:49 Loom
15:54 Feudal Age
18:03 Double-Bit Axe
19:25 Gold Mining
20:03 Horse Collar
26:47 Castle Age
28:05 Pikeman
28:35 Elite Skirmisher
31:32 Padded Archer Armor
32:56 Crossbowman
34:47 Leather Archer Armor
Like_2_win2
9:26 Loom
17:32 Feudal Age
18:16 Double-Bit Axe
19:10 Wheelbarrow
18:43 Horse Collar
23:04 Gold Mining
26:17 Castle Age
25:27 Stone Mining
26:27 Town Watch
27:31 Hand Cart
28:18 Heavy Plow
29:36 Bow Saw
31:08 Town Patrol
32:19 Forging
35:39 Imperial Age
32:59 Fishing Lines
34:04 Gold Shaft Mining
Scaparelli
4:50 Loom
12:18 Feudal Age
18:39 Padded Archer Armor
18:39 Horse Collar
21:49 Castle Age
20:12 Fletching
22:18 Padded Archer Armor
22:00 Crossbowman
22:36 Bodkin Arrow
23:22 Leather Archer Armor
27:14 Wheelbarrow
26:52 Fervor
32:43 Imperial Age
32:01 Chemistry
Connection lost

Rejoining the realm…

Still unreachable

The connection could not be restored.

Session expired

The server has moved on; the page needs a fresh start.